Map: Triton LE

Players

Lambo - Winner!

  • Race: Zerg Zerg
  • Spawn Location: 11:00

thermostaat (uThermal)

  • Race: Terran Terran
  • Spawn Location: 5:00

Event: NationWars 2019

VOD

Have the link to the VOD?

Description

Time

  • Played on: Oct. 11, 2019, 4:02 p.m.
  • Length: 18:58
Show
View Real Time Build Order
Export as new Build Order

Lambo Zerg - Winner!

Build Orders: Hatch First 

Get SALT Encoding   

  12  0:00  Drone  
  13  0:12  Overlord  
  13  0:16  Drone  
  14  0:31  Drone x2  
  16  0:47  Hatchery  
  15  0:52  Drone  
  15  0:55  Drone  
  17  0:59  Drone  
  18  1:09  Extractor  
  17  1:13  Spawning Pool  
  17  1:17  Drone  
  17  1:21  Drone  
  18  1:28  Drone  
  19  1:38  Drone  
  20  1:54  Overlord  
  20  2:00  Zergling x4, Queen x2  
  26  2:11  Drone x2  
  26  2:14  Metabolic Boost  
  28  2:21  Drone  
  28  2:22  Drone  
  30  2:31  Drone  
  30  2:33  Drone  
  30  2:35  Queen  
  34  2:43  Overlord  
  34  2:45  Drone  
  34  2:46  Pneumatized Carapace  
  35  2:53  Drone  
  36  3:02  Drone  
  37  3:08  Hatchery  
  37  3:10  Drone x3  
  38  3:14  Overlord  
  38  3:16  Drone  
  38  3:19  Drone  
  40  3:24  Drone  
  40  3:26  Overlord  
  41  3:34  Queen  
  41  3:35  Queen  
  45  3:45  Drone x2  
  45  3:46  Drone  
  45  3:48  Zergling x10  
  52  3:50  Overlord  
  52  3:54  Overlord  
  53  4:04  Overlord  
  53  4:06  Drone  
  54  4:10  Drone  
  54  4:13  Drone x3, Queen  
  54  4:15  Drone  
  61  4:18  Drone x2, Overlord  
  61  4:23  Queen  
  65  4:26  Drone x2  
  65  4:29  Drone  
  68  4:32  Overlord  
  68  4:35  Drone  
  68  4:38  Drone  
  70  4:42  Zergling x2  
  70  4:44  Lair, Baneling Nest  
  70  4:46  Drone x2  
  70  4:48  Drone x2  
  70  4:50  Extractor  
  70  4:51  Extractor  
  70  4:52  Drone  
  73  4:55  Overlord  
  73  4:58  Drone  
  73  4:59  Drone  
  76  5:00  Drone x2  
  76  5:03  Drone  
  76  5:06  Drone x2  
  80  5:09  Spore Crawler x2  
  80  5:11  Spore Crawler, Queen  
  79  5:14  Zergling x4  
  79  5:15  Drone  
  79  5:16  Drone  
  79  5:19  Drone x2  
  85  5:22  Overlord  
  85  5:24  Overlord  
  85  5:26  Queen  
  87  5:33  Drone  
  87  5:34  Drone x6  
  94  5:37  Extractor  
  94  5:38  Drone x2, Extractor  
  94  5:39  Extractor  
  93  5:43  Overlord  
  93  5:45  Drone x3  
  93  5:46  Centrifical Hooks  
  93  5:47  Baneling x2  
  96  5:58  Baneling x2  
  96  6:00  Drone x4, Queen  
  100  6:05  Drone x4, Zergling x6  
  100  6:09  Drone x2  
  108  6:12  Queen x2  
  110  6:23  Hatchery  
  110  6:25  Baneling x2  
  109  6:35  Roach Warren  
  109  6:37  Infestation Pit, Evolution Chamber x2  
  109  6:38  Zergling x20  
  115  6:46  Zergling x6  
  118  6:48  Baneling x2  
  118  6:52  Hatchery  
  118  6:55  Zergling x6  
  118  6:58  Baneling x5  
  118  6:59  Zergling x2  
  122  7:03  Overlord  
  122  7:05  Zergling x2  
  112  7:17  Drone x8  
  112  7:18  Pathogen Glands  
  113  7:24  Roach x2  
  113  7:26  Zerg Melee Weapons Level 1, Glial Reconstitution, Zerg Missile Weapons Level 1  
  113  7:29  Queen x2  
  118  7:35  Extractor x2  
  118  7:37  Spore Crawler  
  118  7:38  Spore Crawler, Roach x6  
  118  7:41  Spore Crawler  
  125  7:45  Roach x3  
  125  7:46  Drone x2, Roach  
  133  8:01  Drone x4  
  133  8:04  Overlord  
  137  8:07  Overlord  
  137  8:08  Overlord  
  137  8:12  Infestor x6  
  143  8:14  Overlord  
  143  8:15  Neural Parasite  
  143  8:18  Zergling x6  
  141  8:38  Infestor x2  
  147  8:43  Roach  
  147  8:44  Roach x4  
  147  8:47  Baneling x9  
  155  8:52  Zergling x4, Roach x5  
  167  9:03  Hive  
  167  9:04  Overlord  
  167  9:05  Overlord  
  167  9:06  Burrow  
  167  9:09  Overlord  
  163  9:13  Overlord  
  163  9:14  Overlord  
  161  9:20  Overlord  
  161  9:23  Overlord  
  161  9:27  Ravager x4  
  161  9:29  Zergling x20  
  175  9:33  Zergling x10, Hatchery, Extractor  
  175  9:35  Spore Crawler  
  175  9:37  Extractor  
  176  9:59  Infestor x2  
  174  10:01  Zergling x26  
  174  10:02  Zerg Melee Weapons Level 2, Zerg Missile Weapons Level 2  
  191  10:08  Spire  
  190  10:22  Zergling x20  
  190  10:23  Queen  
  187  10:31  Zergling x14  
  174  10:37  Zergling x2  
  174  10:38  Zergling x10  
  166  10:49  Zergling x14  
  169  10:51  Baneling x9  
  169  10:52  Baneling x8, Infestor  
  169  10:55  Roach x2  
  169  10:56  Baneling x11  
  174  10:59  Zergling x8  
  172  11:04  Zergling x8  
  172  11:07  Zergling x6  
  171  11:13  Zergling x4  
  158  11:21  Infestor x5  
  151  11:29  Infestor  
  151  11:31  Drone x3  
  151  11:32  Drone  
  148  11:34  Infestor  
  148  11:39  Drone x3  
  154  11:40  Drone  
  154  11:41  Drone x3  
  154  11:44  Ravager x2  
  154  11:46  Greater Spire  
  159  11:50  Drone x5  
  164  11:54  Zergling x8  
  164  11:58  Baneling x8  
  164  11:59  Roach x3  
  174  12:07  Adrenal Glands  
  174  12:10  Drone x5  
  174  12:14  Roach x3  
  177  12:18  Drone x3  
  172  12:31  Infestor x3  
  172  12:33  Zergling x16  
  186  12:40  Zergling x16  
  193  12:48  Drone x4  
  193  12:50  Drone, Spine Crawler  
  187  12:54  Infestor x3  
  191  12:58  Infestor x5  
  191  12:59  Infestor  
  191  13:00  Zerg Ground Armor Level 1  
  191  13:02  Ravager x6  
  197  13:09  Overlord  
  168  13:29  Infestor x5  
  166  13:37  Zergling x26  
  175  13:44  Zergling x6  
  178  13:49  Baneling x2  
  174  13:56  Drone x7  
  174  14:01  Zerg Missile Weapons Level 3  
  179  14:07  Hatchery  
  167  14:13  Drone x3, Spine Crawler  
  167  14:14  Spine Crawler  
  168  14:18  Roach x6  
  180  14:26  Roach  
  180  14:27  Zergling x8  
  180  14:28  Hatchery  
  185  14:37  Zergling x10  
  190  14:40  Ravager x6  
  175  15:02  Zergling x22  
  174  15:07  Extractor  
  174  15:09  Spine Crawler  
  174  15:10  Extractor  
  154  15:17  Corruptor x9  
  156  15:25  Infestor  
  156  15:26  Infestor  
  153  15:29  Infestor x3  
  153  15:31  Zerg Flyer Armor Level 1  
  153  15:35  Queen x2  
  161  15:41  Roach  
  161  15:42  Roach x3  
  165  15:48  Roach x3  
  165  15:55  Drone  
  165  15:56  Drone x2  
  162  16:00  Roach x3  
  162  16:02  Infestor x3  
  174  16:14  Zergling x16  
  174  16:15  Ravager  
  174  16:16  Ravager x6  
  189  16:29  Corruptor x3  
  197  16:32  Ravager  
  197  16:33  Ravager x2  
  197  16:35  Baneling x2  
  197  16:36  Baneling x14  
  198  16:44  Roach x3  
  198  16:46  Drone x3  
  199  16:47  Drone x3  
  195  17:11  Ravager x2  
  195  17:35  Zergling x14  
  195  17:50  Infestor x3  
  198  17:56  Infestor x2  
  195  18:05  Infestor x14  
  179  18:38  Roach x11  
Show
View Real Time Build Order
Export as new Build Order

thermostaat Terran 

Build Orders: Hellion Opening, Reaper Expand 

Get SALT Encoding   

  12  0:01  SCV  
  13  0:13  SCV  
  14  0:17  Supply Depot  
  14  0:25  SCV  
  15  0:38  SCV  
  15  0:40  Barracks  
  16  0:43  Refinery  
  16  0:50  SCV  
  17  1:02  SCV  
  18  1:14  SCV  
  19  1:27  Orbital Command, Reaper  
  20  1:38  Command Center  
  20  1:49  Supply Depot  
  20  1:53  SCV  
  21  1:59  Marine  
  22  2:05  SCV  
  23  2:08  Factory  
  23  2:17  SCV  
  23  2:20  Barracks Reactor  
  24  2:29  SCV  
  25  2:38  Command Center  
  25  2:42  SCV  
  26  2:51  Orbital Command  
  26  2:54  SCV  
  27  2:59  Hellion  
  27  3:01  Hellion  
  31  3:06  SCV  
  32  3:15  Starport  
  32  3:17  SCV  
  32  3:18  SCV  
  34  3:22  Hellion  
  34  3:23  Hellion  
  38  3:29  SCV  
  38  3:30  SCV, Refinery  
  40  3:34  Refinery  
  40  3:41  SCV  
  40  3:43  SCV  
  40  3:44  Hellion x2  
  46  3:51  Orbital Command  
  46  3:53  SCV  
  47  3:57  Fusion Core  
  47  3:58  SCV  
  48  4:05  Hellion x2  
  48  4:07  SCV  
  53  4:10  SCV, Starport Tech Lab  
  53  4:17  Supply Depot  
  53  4:18  SCV, Refinery  
  53  4:19  SCV  
  55  4:26  SCV, Supply Depot  
  55  4:30  Hellion  
  58  4:32  Hellion  
  58  4:34  SCV  
  61  4:39  SCV  
  61  4:45  Orbital Command  
  62  4:47  Battlecruiser  
  62  4:50  SCV, Supply Depot  
  69  4:54  SCV  
  69  4:59  Hellion x2  
  74  5:02  SCV  
  74  5:04  Supply Depot  
  74  5:06  SCV  
  76  5:13  Factory  
  76  5:14  Factory  
  76  5:16  Weapon Refit  
  76  5:18  SCV  
  76  5:19  SCV  
  76  5:20  SCV  
  79  5:26  Supply Depot  
  79  5:27  Hellion  
  81  5:30  SCV  
  81  5:31  SCV  
  81  5:32  SCV  
  84  5:38  Supply Depot  
  84  5:42  SCV  
  85  5:44  SCV, Hellion  
  85  5:47  SCV  
  89  5:54  Battlecruiser  
  95  5:59  Factory Tech Lab, Refinery x2  
  95  6:00  Factory Tech Lab  
  95  6:03  SCV  
  96  6:06  Hellion  
  96  6:09  SCV  
  96  6:10  Hellion  
  99  6:16  SCV  
  100  6:20  Supply Depot  
  100  6:21  SCV  
  100  6:22  Supply Depot  
  100  6:25  Mag-Field Accelerator, Cyclone x2  
  107  6:27  Infernal Pre-Igniter  
  107  6:29  SCV  
  107  6:32  SCV  
  109  6:34  Supply Depot  
  109  6:42  SCV x2, Hellion  
  109  6:44  Supply Depot  
  113  6:49  SCV  
  113  6:54  SCV  
  115  6:59  Battlecruiser  
  115  7:00  SCV, Supply Depot  
  122  7:08  Hellion  
  118  7:09  Hellion  
  118  7:13  Hellion  
  114  7:18  SCV  
  114  7:20  Factory  
  114  7:22  Factory  
  107  7:26  SCV  
  104  7:30  Cyclone  
  104  7:32  SCV, Command Center  
  104  7:34  Cyclone  
  111  7:38  SCV  
  111  7:40  Armory x2, SCV  
  111  7:44  Hellion x2  
  117  7:45  SCV  
  117  7:50  SCV  
  119  7:51  Engineering Bay  
  119  7:52  SCV  
  120  8:03  Command Center  
  120  8:04  Cyclone  
  120  8:05  Factory Tech Lab, Factory Reactor  
  115  8:14  Cyclone, Hellion  
  116  8:22  Battlecruiser  
  116  8:23  Hellion x2  
  121  8:28  Terran Vehicle And Ship Armor Level 1, Terran Ship Weapons Level 1  
  121  8:34  Starport  
  121  8:35  Starport  
  121  8:37  Cyclone  
  124  8:44  Command Center  
  124  8:49  Command Center  
  124  8:52  Cyclone  
  124  8:53  Hellion  
  124  8:55  Hellion  
  131  9:02  SCV x2, Supply Depot  
  133  9:08  Cyclone  
  136  9:13  Starport Tech Lab x2  
  136  9:19  Command Center  
  136  9:21  Hellion x2  
  136  9:22  SCV  
  141  9:25  SCV  
  142  9:36  Battlecruiser  
  142  9:38  SCV  
  149  9:39  Planetary Fortress  
  149  9:43  Refinery x2  
  146  9:48  Battlecruiser  
  146  9:49  SCV  
  153  9:56  SCV x2  
  149  10:01  SCV  
  149  10:02  Planetary Fortress  
  149  10:04  Cyclone x2  
  149  10:05  SCV, Hellion  
  153  10:12  SCV  
  153  10:14  SCV  
  155  10:16  SCV x2  
  155  10:17  SCV  
  158  10:24  SCV  
  158  10:26  Cyclone, Hellion  
  164  10:30  Hellion  
  164  10:31  Battlecruiser  
  140  10:40  Battlecruiser  
  139  10:45  Hellion  
  139  10:47  Cyclone x2  
  139  10:48  Hellion x2  
  143  10:51  Hellion  
  143  10:52  Command Center  
  143  10:53  Orbital Command x2  
  139  11:02  Battlecruiser  
  142  11:13  Cyclone, Hellion  
  142  11:15  Hellion  
  142  11:18  Hellion  
  136  11:19  Cyclone x2, Hellion  
  137  11:26  SCV x3  
  137  11:30  SCV x2  
  137  11:31  SCV  
  137  11:34  Hellion  
  137  11:38  SCV  
  140  11:45  Cyclone, Hellion x2  
  140  11:46  SCV x2  
  149  11:48  Terran Ship Weapons Level 2  
  149  11:51  Cyclone  
  149  11:52  SCV  
  153  11:56  Sensor Tower  
  153  12:00  SCV  
  153  12:01  SCV  
  155  12:04  Cyclone, Hellion  
  155  12:07  Hellion  
  160  12:10  Hellion  
  160  12:11  SCV  
  160  12:14  Hellion  
  160  12:15  SCV  
  162  12:17  SCV, Cyclone  
  157  12:23  SCV, Orbital Command  
  157  12:24  Hellion  
  160  12:34  Battlecruiser  
  166  12:40  Planetary Fortress  
  166  12:46  Battlecruiser  
  164  13:01  SCV  
  164  13:03  Siege Tank x2, Hellion  
  164  13:04  Hellion x2  
  177  13:08  Missile Turret  
  177  13:10  Missile Turret  
  177  13:12  SCV  
  178  13:13  Ghost Academy x2  
  178  13:15  SCV  
  178  13:17  Cyclone, Hellion  
  184  13:25  Hellion  
  184  13:26  Hellion  
  164  13:28  Hellion  
  149  13:35  Cyclone x2  
  149  13:38  Hellion  
  150  13:45  Battlecruiser  
  150  13:46  Hellion  
  150  13:48  Hellion  
  160  13:49  Hellion x2  
  164  13:59  Hellion  
  166  14:07  Siege Tank x2  
  166  14:08  Hellion  
  166  14:09  Hellion  
  170  14:10  Siege Tank  
  170  14:14  SCV  
  170  14:16  SCV  
  175  14:25  Missile Turret  
  175  14:26  Hellion  
  175  14:29  SCV  
  175  14:30  SCV x2  
  175  14:31  SCV  
  181  14:33  Hellion  
  181  14:37  Enhanced Shockwaves  
  181  14:38  Personal Cloaking  
  183  14:39  Siege Tank  
  183  14:43  Siege Tank  
  189  14:50  Siege Tank, Hellion  
  184  15:03  Hellion  
  174  15:11  Siege Tank  
  146  15:15  Siege Tank, Hellion  
  146  15:16  Hellion  
  146  15:18  Hellion  
  130  15:22  Siege Tank  
  130  15:25  Hellion  
  128  15:36  Hellion  
  128  15:38  Orbital Command, Hellion  
  128  15:39  Hellion  
  119  15:44  Orbital Command, Hellion  
  119  15:46  Hellion  
  119  15:48  Hellion  
  118  15:54  Hellion  
  118  15:55  SCV  
  121  15:57  Hellion  
  121  15:59  Hellion  
  121  16:01  Hellion  
  127  16:06  SCV x2, Siege Tank  
  127  16:07  SCV  
  127  16:09  SCV  
  134  16:12  Missile Turret  
  135  16:18  SCV  
  135  16:22  SCV  
  135  16:23  Siege Tank, Hellion  
  141  16:26  Refinery  
  141  16:27  SCV  
  141  16:28  SCV x2  
  141  16:30  SCV x2  
  146  16:34  SCV  
  146  16:38  Barracks Tech Lab  
  143  16:47  Barracks  
  143  16:49  Barracks, Battlecruiser  
  143  16:53  Refinery, Hellion  
  147  17:00  Battlecruiser  
  147  17:16  Ghost  
  147  17:17  Missile Turret  
  147  17:19  Ghost Academy x2  
  147  17:21  Ghost Academy  
  149  17:23  Cyclone x3  
  149  17:24  Hellion  
  149  17:26  Hellion  
  162  17:34  Hellion  
  162  17:36  Hellion  
  136  17:52  Hellion  
  136  17:55  Cyclone x3  
  136  17:57  Hellion  
  134  18:02  Hellion  
  131  18:16  Hellion  
  121  18:23  Ghost  
Tags
 
Add a new tag
Caveats
  • Supply blocks, unpowered buildings, or Contaminate may cause inaccurate times.
  • Supply counts are checked every 10 seconds.